 Dungeon Crawl Stone Soup version 0.20.0-8-g6b59dc7 (webtiles) character file.

81 Worthless the Conjurer (level 4, -2/24 HPs)
             Began as a Tengu Conjurer on June 1, 2017.
             Slain by a gnoll
             ... wielding a +0 whip
              (8 damage)
             ... on level 2 of the Dungeon.
             The game lasted 00:04:26 (1690 turns).

Worthless the Conjurer (Tengu Conjurer)             Turns: 1690, Time: 00:04:26

Health: -2/24      AC:  3    Str:  8    XL:     4   Next: 40%
Magic:  4/8        EV: 12    Int: 17    God:
Gold:   94         SH:  0    Dex: 14    Spells: 0/7 levels left

rFire    . . .     SeeInvis .   (no weapon)
rCold    . . .     Gourm    .   (no shield)
rNeg     . . .     Faith    .   a - +0 robe
rPois    .         Spirit   .   (helmet restricted)
rElec    .         Reflect  .   (no cloak)
rCorr    .         Harm     .   k - +0 pair of gloves
MR       .....                  (boots unavailable)
Stlth    +++.......             (no amulet)
Regen    0.1/turn               q - ring of stealth
MPRegen  0.2/turn               (no ring)

@: lethally poisoned (-2 -> -5)
A: beak, talons 3
a: no special abilities


You were on level 2 of the Dungeon.
You were hungry.

You visited 1 branch of the dungeon, and saw 3 of its levels.

You collected 94 gold pieces.

Inventory:

Armour
 a - a +0 robe (worn)
 k - a +0 pair of gloves (worn)
Jewellery
 q - a ring of stealth (left hand)
Scrolls
 e - 2 scrolls of enchant weapon {unknown}
 f - a scroll of noise {unknown}
 g - a scroll of identify {unknown}
 h - a scroll of remove curse {unknown}
 i - a scroll of fear {unknown}
 j - 2 scrolls of teleportation {unknown}
 t - a scroll of fog {unknown}
Potions
 l - a potion of flight {unknown}
 n - a potion of might {unknown}
 o - a potion of mutation {unknown}
 s - a potion of curing {unknown}
Books
 b - a book of Conjurations

   Spells                             Type                      Level
   a - Magic Dart                     Conjuration                  1
   b - Searing Ray                    Conjuration                  2
   c - Dazzling Spray                 Conjuration/Hexes            3
   d - Fulminant Prism                Conjuration/Hexes            4
   e - Force Lance                    Conjuration/Translocation    4
   f - Iskenderun's Mystic Blast      Conjuration                  4
Comestibles
 c - 2 bread rations
 m - a meat ration
 r - 4 fruits


   Skills:
 - Level 2.1 Dodging
 - Level 2.0 Stealth
 - Level 2.0 Spellcasting
 + Level 7.6 Conjurations


You couldn't memorise any spells.
You knew the following spells:

 Your Spells              Type           Power        Failure   Level  Hunger
a - Magic Dart            Conj           ####         1%          1    #......
b - Searing Ray           Conj           ####..       1%          2    ###....
c - Force Lance           Conj/Tloc      ##......     38%         4    #####..


Dungeon Overview and Level Annotations

Branches:
Dungeon (3/15)

Altars:
Fedhas
Gozag


Innate Abilities, Weirdness & Mutations

You have a beak for a mouth.
You have claws for feet.


Message History

The gnoll hits you with a whip. The gnoll misses you.
The gnoll hits you from afar with a spear!
The adder bites you but does no damage.
You feel sick.
Casting: Magic Dart
Confirm with . or Enter, or press ? or * to list all spells.
Aiming: Searing Ray
Press: ? - help, Shift-Dir - straight line, f - adder
Aim: an adder The searing ray hits the adder.
The adder is almost dead. (Press . to maintain the ray.)
The adder bites you.
* * * LOW HITPOINT WARNING * * *
The searing ray hits the adder.
You kill the adder!
The searing ray hits the gnoll.
The gnoll is almost dead.
The gnoll hits you with a whip!
You die...

############### #.............##
#### ######.#######.(..>.# #.<.
#..............###..#### #.##
#.##.#.###.#...@gg.....# #.##
#.##.#.# #.#.#####..##.# #.##
#.##.#.###.#.# #..##.# #.##
#.##....##.#.# #..##.######..#
#.##.###.#.#.#####รท.##..........
#.##.# #.(..>.<.....##..####.###
#.##.###.#.#.######.##..##.....#
#.###..[##.#.## #.....#.......
#.####.###.#..# ####..#.......


You could see 2 gnolls.

Vanquished Creatures
  3 adders (D:2)
  An ooze (D:2)
  A worm (D:2)
  2 dart slugs
  A leopard gecko (D:2)
  2 giant cockroaches
  4 goblins
  4 hobgoblins
  4 jackals (D:2)
  4 kobolds (D:2)
  A quokka (D:2)
  A ball python (D:1)
  7 bats
  5 frilled lizards (D:2)
  A rat (D:2)
41 creatures vanquished.

Notes
Turn   | Place    | Note
-------+----------+-------------------------------------------
     0 | D:1      | Worthless the Tengu Conjurer began the quest for the Orb.
     0 | D:1      | Reached XP level 1. HP: 10/10 MP: 4/4
   236 | D:1      | Reached XP level 2. HP: 12/15 MP: 1/6
   291 | D:1      | Learned a level 2 spell: Searing Ray
   334 | D:1      | Reached skill level 6 in Conjurations
   744 | D:2      | Reached XP level 3. HP: 19/19 MP: 1/7
   906 | D:2      | Found a blossoming altar of Fedhas.
  1042 | D:2      | Reached skill level 7 in Conjurations
  1198 | D:2      | Reached XP level 4. HP: 24/24 MP: 3/8
  1427 | D:2      | Found an opulent altar of Gozag.
  1597 | D:2      | Learned a level 4 spell: Force Lance
  1681 | D:3      | HP: 1/24 [gnoll/whip (2)]
  1690 | D:2      | Slain by a gnoll

Skill      XL: |  1  2  3 |
---------------+----------+-----
Conjurations   | 6 7 |  7.6
Dodging        | |  2.1
Stealth        | |  2.0
Spellcasting   | |  2.0

Action                   |  1- 3 |  4- 6 || total
-------------------------+-------+-------++-------
Melee: Unarmed           |     9 |       ||     9
       Kick              |     1 |       ||     1
 Cast: Magic Dart        |    37 |    13 ||    50
       Searing Ray       |     5 |     3 ||     8
  Use: Potion            |       |     1 ||     1
  Eat: Chunk             |     2 |     1 ||     3
Armor: Robe              |     8 |     2 ||    10
Dodge: Dodged            |    10 |    10 ||    20
